Senators vs RedWings

Created - March 17 2012 at 12:58

Goals
1 2 3 T
Senators 1 1 0 2
RedWings 1 2 0 3
Shots
1 2 3 T
Senators 13 5 13 31
RedWings 4 11 8 23

Period #1

1. RedWings , Kris Draper 3 (Eric Brewer, Pavel Kubina) at 7:52
2. Senators , Henrik Zetterberg 27 (Sidney Crosby, Claude Giroux) at 15:25

Penalties :
Keith Yandle (DET) for Hooking (Minor) at 3:55, Keith Yandle (DET) for Hooking (Minor) at 8:03, Curtis Glencross (DET) for Hooking (Minor) at 17:38

Period #2

3. RedWings , Alexandre Burrows 31 (Ryan Whitney, Joe Thornton) at 15:05 (PP)
4. Senators , Henrik Zetterberg 28 (Claude Giroux, Sidney Crosby) at 17:07
5. RedWings , Marty Reasoner 18 (Nik Antropov, Eric Brewer) at 18:56

Penalties :
Adrian Aucoin (OTT) for Slashing (Minor) at 0:44, Marty Reasoner (DET) for Holding (Minor) at 5:34, Adrian Aucoin (OTT) for Interference (Minor) at 7:57, Daniel Winnik (OTT) for Interference (Minor) at 14:13

Period #3

No Goal

Penalties :
Pavel Kubina (DET) for Roughing (Minor) at 7:34, James Wisniewski (OTT) for Holding (Minor) at 13:01, Pavel Kubina (DET) for Hooking (Minor) at 17:50

Goalie Stats

Carey Price (OTT), 20 saves from 23 shots - (0.870), L, 38-16-5, 59:09 minutes
Roberto Luongo (DET), 29 saves from 31 shots - (0.935), W, 40-24-8, 60:00 minutes

Players Stats

Senators
Player Name              G  A  P  +/- PIM S  H  SB FO    MP 
------------------------------------------------------------
Adrian Aucoin            0  0  0   0  4   0  1  1  0/0   17 
Brian Rafalski           0  0  0   0  0   1  0  0  0/0   19 
Brian Willsie            0  0  0   0  0   1  3  0  1/2   16 
Claude Giroux            0  2  2   0  0   4  1  0  0/1   20 
Cory Stillman            0  0  0   0  0   0  2  0  2/2   13 
Daniel Winnik            0  0  0   0  2   1  0  0  0/0   7  
Dion Phaneuf             0  0  0   0  0   1  2  1  0/0   22 
Henrik Zetterberg        2  0  2   0  0   3  1  0  0/0   20 
James Wisniewski         0  0  0   0  2   1  1  0  0/0   22 
Jamie Benn               0  0  0   0  0   4  2  0  1/1   19 
Jason Spezza             0  0  0   0  0   0  0  0  5/18  16 
Jeff Schultz             0  0  0   0  0   2  2  1  0/0   18 
John Tavares             0  0  0   0  0   6  0  0  8/19  20 
Kevin Klein              0  0  0   0  0   1  3  1  0/0   21 
Kristian Huselius        0  0  0   0  0   2  0  0  0/0   10 
Ryan Johnson             0  0  0   0  0   0  0  0  2/4   3  
Sidney Crosby            0  2  2   0  0   4  0  0  22/29 22 
Todd Marchant            0  0  0   0  0   0  0  0  2/4   8  
RedWings
Player Name              G  A  P  +/- PIM S  H  SB FO    MP 
------------------------------------------------------------
Alexandre Burrows        1  0  1   0  0   2  3  1  0/0   19 
Brian Campbell           0  0  0  -2  0   0  1  1  0/0   20 
Curtis Glencross         0  0  0   0  2   3  3  0  0/1   21 
Eric Brewer              0  2  2   2  0   1  3  3  0/0   19 
Jamie Langenbrunner      0  0  0  -2  0   1  0  0  0/0   5  
Joe Thornton             0  1  1   0  0   5  0  0  6/17  16 
Keith Yandle             0  0  0  -2  4   0  1  1  0/0   22 
Kris Draper              1  0  1   2  0   2  0  0  0/0   13 
Marty Reasoner           1  0  1   2  2   2  0  0  11/22 16 
Nate Thompson            0  0  0  -2  0   0  0  0  8/18  10 
Niclas Bergfors          0  0  0  -2  0   0  0  0  0/0   5  
Nik Antropov             0  1  1   2  0   0  0  0  0/0   13 
Paul Martin              0  0  0   0  0   2  0  1  0/0   22 
Pavel Kubina             0  1  1   2  4   1  1  0  0/0   15 
Ray Whitney              0  0  0   0  0   1  0  0  0/1   15 
Ryan Whitney             0  1  1   0  0   2  4  2  0/0   20 
Sergei Kostitsyn         0  0  0   0  0   1  2  1  0/0   18 
Travis Zajac             0  0  0   0  0   0  0  1  12/21 18 

3 Stars

1 - Henrik Zetterberg (OTT)
2 - Eric Brewer (DET)
3 - Kris Draper (DET)

Power Play

Senators - 0 on 6 Attempt(s) - 0.00%
RedWings - 1 on 4 Attempt(s) - 25.00%

Penalty Kill

Senators - 3 on 4 Attempt(s) - 75.00% - Score 0 goal in Penalty Kill
RedWings - 6 on 6 Attempt(s) - 100.00% - Score 0 goal in Penalty Kill

Game Notes

No Game Note

Finance

Level 1 -- Attendance: 6352 (97.72%) -- Ticket Income $508,160.00
Level 2 -- Attendance: 5000 (100.00%) -- Ticket Income $250,000.00
Level 3 -- Attendance: 3500 (100.00%) -- Ticket Income $105,000.00
Level 4 -- Attendance: 2794 (68.72%) -- Ticket Income $55,880.00
Luxury Box -- Attendance: 1000 (100.00%) -- Ticket Income $150,000.00
Game was played at the Joe Louis Arena
Total Attendance: 18646 (92.92%)
Total Ticket Income: $1,153,472.00
Other Income: $222,567.00
Total Income: $1,376,039.00


Play by Play

Period #1

0:01 of 1st period - Travis Zajac wins face-off versus Sidney Crosby in neutral zone.
0:28 of 1st period - Shot by Sidney Crosby.
0:28 of 1st period - Shot Misses the Net.
0:32 of 1st period - Shot by Sidney Crosby.
0:32 of 1st period - Shot Misses the Net.
0:34 of 1st period - Shot by Dion Phaneuf.
0:34 of 1st period - Shot Misses the Net.
0:36 of 1st period - Shot by Claude Giroux.
0:36 of 1st period - Stopped by Roberto Luongo without a rebound.
0:37 of 1st period - Joe Thornton wins face-off versus John Tavares in RedWings zone.
0:37 of 1st period - Ray Whitney is hit by Cory Stillman and loses puck.
1:31 of 1st period - Joe Thornton is hit by Brian Willsie and loses puck.
1:57 of 1st period - Pavel Kubina is hit by James Wisniewski and loses puck.
2:20 of 1st period - Shot by Nik Antropov.
2:20 of 1st period - Shot Blocked by Dion Phaneuf.
3:30 of 1st period - Shot by Travis Zajac.
3:30 of 1st period - Shot Blocked by Kevin Klein.
3:32 of 1st period - Shot by Paul Martin.
3:32 of 1st period - Stopped by Carey Price with a rebound.
3:34 of 1st period - Shot by Ryan Whitney.
3:34 of 1st period - Shot Misses the Net.
3:36 of 1st period - Shot by Ryan Whitney.
3:36 of 1st period - Stopped by Carey Price without a rebound.
3:37 of 1st period - Jason Spezza wins face-off versus Nate Thompson in Senators zone.
3:55 of 1st period - Minor Penalty to Keith Yandle for Hooking.
3:56 of 1st period - Nate Thompson wins face-off versus Sidney Crosby in RedWings zone.
5:11 of 1st period - Shot by Jamie Benn.
5:11 of 1st period - Stopped by Roberto Luongo with a rebound.
5:43 of 1st period - Icing by Claude Giroux.
5:44 of 1st period - Sidney Crosby wins face-off versus Nate Thompson in Senators zone.
5:50 of 1st period - Off-side.
5:51 of 1st period - Sidney Crosby wins face-off versus Marty Reasoner in neutral zone.
6:37 of 1st period - Off-side.
6:38 of 1st period - Sidney Crosby wins face-off versus Travis Zajac in neutral zone.
6:43 of 1st period - Shot by Claude Giroux.
6:43 of 1st period - Stopped by Roberto Luongo with a rebound.
7:13 of 1st period - Shot by Sergei Kostitsyn.
7:13 of 1st period - Deflect By Curtis Glencross.
7:13 of 1st period - Shot Blocked by Adrian Aucoin.
7:48 of 1st period - Shot by Eric Brewer.
7:48 of 1st period - Shot Misses the Net.
7:50 of 1st period - Shot by Eric Brewer.
7:50 of 1st period - Shot Misses the Net.
7:52 of 1st period - Shot by Kris Draper.
7:52 of 1st period - Goal by Kris Draper - Senators : 0 - RedWings : 1.
7:53 of 1st period - John Tavares wins face-off versus Joe Thornton in neutral zone.
8:00 of 1st period - Shot by John Tavares.
8:00 of 1st period - Stopped by Roberto Luongo with a rebound.
8:03 of 1st period - Minor Penalty to Keith Yandle for Hooking.
8:04 of 1st period - Marty Reasoner wins face-off versus John Tavares in RedWings zone.
8:17 of 1st period - Shot by John Tavares.
8:17 of 1st period - Stopped by Roberto Luongo with a rebound.
8:19 of 1st period - Shot by John Tavares.
8:19 of 1st period - Stopped by Roberto Luongo without a rebound.
8:20 of 1st period - John Tavares wins face-off versus Nate Thompson in RedWings zone.
8:43 of 1st period - Shot by Brian Rafalski.
8:43 of 1st period - Stopped by Roberto Luongo without a rebound.
8:44 of 1st period - Jason Spezza wins face-off versus Nate Thompson in RedWings zone.
8:51 of 1st period - Shot by Kristian Huselius.
8:51 of 1st period - Stopped by Roberto Luongo without a rebound.
8:52 of 1st period - Nate Thompson wins face-off versus John Tavares in RedWings zone.
8:58 of 1st period - Icing by Brian Rafalski.
8:59 of 1st period - Marty Reasoner wins face-off versus John Tavares in Senators zone.
8:59 of 1st period - Marty Reasoner is hit by Dion Phaneuf.
9:30 of 1st period - Off-side.
9:31 of 1st period - Sidney Crosby wins face-off versus Nate Thompson in neutral zone.
9:34 of 1st period - Shot by Henrik Zetterberg.
9:34 of 1st period - Deflect By Claude Giroux.
9:34 of 1st period - Stopped by Roberto Luongo without a rebound.
9:35 of 1st period - Nate Thompson wins face-off versus Sidney Crosby in RedWings zone.
10:17 of 1st period - Icing by Jeff Schultz.
10:18 of 1st period - Marty Reasoner wins face-off versus Jason Spezza in Senators zone.
10:28 of 1st period - Icing by Jason Spezza.
10:29 of 1st period - Nate Thompson wins face-off versus Jason Spezza in Senators zone.
11:49 of 1st period - Jamie Benn is hit by Eric Brewer and loses puck.
13:10 of 1st period - Shot by Daniel Winnik.
13:10 of 1st period - Shot Blocked by Paul Martin.
13:12 of 1st period - Shot by Brian Willsie.
13:12 of 1st period - Stopped by Roberto Luongo without a rebound.
13:13 of 1st period - John Tavares wins face-off versus Joe Thornton in RedWings zone.
13:33 of 1st period - Shot by John Tavares.
13:33 of 1st period - Shot Blocked by Alexandre Burrows.
13:35 of 1st period - Shot by Jamie Benn.
13:35 of 1st period - Shot Misses the Net.
13:39 of 1st period - Shot by John Tavares.
13:39 of 1st period - Shot Blocked by Keith Yandle.
14:43 of 1st period - Shot by Nik Antropov.
14:43 of 1st period - Shot Misses the Net.
15:07 of 1st period - Icing by Keith Yandle.
15:08 of 1st period - Sidney Crosby wins face-off versus Nate Thompson in RedWings zone.
15:25 of 1st period - Shot by Henrik Zetterberg.
15:25 of 1st period - Goal by Henrik Zetterberg - Senators : 1 - RedWings : 1.
15:26 of 1st period - Sidney Crosby wins face-off versus Travis Zajac in neutral zone.
15:26 of 1st period - Henrik Zetterberg is hit by Curtis Glencross and loses puck.
15:31 of 1st period - Adrian Aucoin is hit by Curtis Glencross.
15:35 of 1st period - Dion Phaneuf is hit by Sergei Kostitsyn and loses puck.
16:08 of 1st period - Shot by Cory Stillman.
16:08 of 1st period - Deflect By John Tavares.
16:08 of 1st period - Shot Misses the Net.
16:12 of 1st period - Shot by Jamie Benn.
16:12 of 1st period - Stopped by Roberto Luongo without a rebound.
16:13 of 1st period - Jason Spezza wins face-off versus Marty Reasoner in RedWings zone.
17:02 of 1st period - Icing by Jeff Schultz.
17:03 of 1st period - Joe Thornton wins face-off versus Jason Spezza in Senators zone.
17:36 of 1st period - Shot by Alexandre Burrows.
17:36 of 1st period - Deflect By Joe Thornton.
17:36 of 1st period - Stopped by Carey Price without a rebound.
17:37 of 1st period - Sidney Crosby wins face-off versus Curtis Glencross in Senators zone.
17:37 of 1st period - Sidney Crosby is hit by Curtis Glencross.
17:38 of 1st period - Minor Penalty to Curtis Glencross for Hooking.
17:39 of 1st period - Sidney Crosby wins face-off versus Nate Thompson in RedWings zone.
18:57 of 1st period - Shot by John Tavares.
18:57 of 1st period - Stopped by Roberto Luongo without a rebound.
18:58 of 1st period - Marty Reasoner wins face-off versus John Tavares in RedWings zone.
18:58 of 1st period - Keith Yandle is hit by Jamie Benn and loses puck.
19:26 of 1st period - Icing by Dion Phaneuf.
19:27 of 1st period - Nate Thompson wins face-off versus John Tavares in Senators zone.
19:38 of 1st period - Keith Yandle is hit by Cory Stillman.

Period #2

0:01 of 2nd period - Travis Zajac wins face-off versus Claude Giroux in neutral zone.
0:43 of 2nd period - Travis Zajac is hit by Adrian Aucoin and loses puck.
0:44 of 2nd period - Minor Penalty to Adrian Aucoin for Slashing.
0:45 of 2nd period - Ryan Johnson wins face-off versus Joe Thornton in Senators zone.
0:56 of 2nd period - Shot by Daniel Winnik.
0:56 of 2nd period - Shot Misses the Net.
1:02 of 2nd period - Shot by Ryan Whitney.
1:02 of 2nd period - Shot Misses the Net.
1:04 of 2nd period - Shot by Keith Yandle.
1:04 of 2nd period - Shot Misses the Net.
1:08 of 2nd period - Shot by Keith Yandle.
1:08 of 2nd period - Deflect By Alexandre Burrows.
1:08 of 2nd period - Shot Misses the Net.
1:12 of 2nd period - Shot by Alexandre Burrows.
1:12 of 2nd period - Stopped by Carey Price without a rebound.
1:13 of 2nd period - Travis Zajac wins face-off versus Ryan Johnson in Senators zone.
1:53 of 2nd period - Shot by Joe Thornton.
1:53 of 2nd period - Stopped by Carey Price without a rebound.
1:54 of 2nd period - Joe Thornton wins face-off versus Sidney Crosby in Senators zone.
2:39 of 2nd period - Shot by Curtis Glencross.
2:39 of 2nd period - Stopped by Carey Price without a rebound.
2:40 of 2nd period - Ryan Johnson wins face-off versus Travis Zajac in Senators zone.
2:55 of 2nd period - Shot by Marty Reasoner.
2:55 of 2nd period - Shot Misses the Net.
2:57 of 2nd period - Shot by Kris Draper.
2:57 of 2nd period - Stopped by Carey Price without a rebound.
2:58 of 2nd period - Nate Thompson wins face-off versus Jason Spezza in Senators zone.
3:08 of 2nd period - Jeff Schultz is hit by Brian Campbell and loses puck.
3:18 of 2nd period - Off-side.
3:19 of 2nd period - Sidney Crosby wins face-off versus Marty Reasoner in neutral zone.
3:29 of 2nd period - Nik Antropov is hit by Dion Phaneuf and loses puck.
3:42 of 2nd period - Shot by Sidney Crosby.
3:42 of 2nd period - Shot Misses the Net.
4:49 of 2nd period - Shot by John Tavares.
4:49 of 2nd period - Shot Blocked by Travis Zajac.
4:51 of 2nd period - Shot by John Tavares.
4:51 of 2nd period - Stopped by Roberto Luongo with a rebound.
4:53 of 2nd period - Shot by John Tavares.
4:53 of 2nd period - Shot Blocked by Sergei Kostitsyn.
5:05 of 2nd period - Cory Stillman is hit by Sergei Kostitsyn and loses puck.
5:09 of 2nd period - Icing by Kevin Klein.
5:10 of 2nd period - John Tavares wins face-off versus Joe Thornton in Senators zone.
5:10 of 2nd period - John Tavares is hit by Alexandre Burrows.
5:33 of 2nd period - Shot by Ray Whitney.
5:33 of 2nd period - Stopped by Carey Price without a rebound.
5:34 of 2nd period - Jason Spezza wins face-off versus Marty Reasoner in Senators zone.
5:34 of 2nd period - Minor Penalty to Marty Reasoner for Holding.
5:35 of 2nd period - Sidney Crosby wins face-off versus Joe Thornton in RedWings zone.
5:36 of 2nd period - Shot by Henrik Zetterberg.
5:36 of 2nd period - Stopped by Roberto Luongo without a rebound.
5:37 of 2nd period - Sidney Crosby wins face-off versus Joe Thornton in RedWings zone.
5:37 of 2nd period - Henrik Zetterberg is hit by Eric Brewer and loses puck.
5:53 of 2nd period - Henrik Zetterberg is hit by Eric Brewer and loses puck.
7:57 of 2nd period - Minor Penalty to Adrian Aucoin for Interference.
7:58 of 2nd period - Joe Thornton wins face-off versus Ryan Johnson in Senators zone.
8:49 of 2nd period - Shot by Travis Zajac.
8:49 of 2nd period - Shot Misses the Net.
9:50 of 2nd period - Off-side.
9:51 of 2nd period - Travis Zajac wins face-off versus Todd Marchant in neutral zone.
10:20 of 2nd period - Icing by Pavel Kubina.
10:21 of 2nd period - Cory Stillman wins face-off versus Marty Reasoner in RedWings zone.
10:21 of 2nd period - Brian Rafalski is hit by Pavel Kubina.
10:38 of 2nd period - Icing by Kevin Klein.
10:39 of 2nd period - Nate Thompson wins face-off versus John Tavares in Senators zone.
10:39 of 2nd period - Nate Thompson is hit by Kevin Klein.
10:47 of 2nd period - Shot by Jamie Langenbrunner.
10:47 of 2nd period - Stopped by Carey Price without a rebound.
10:48 of 2nd period - Travis Zajac wins face-off versus Jason Spezza in Senators zone.
12:32 of 2nd period - Kevin Klein is hit by Alexandre Burrows.
13:18 of 2nd period - Shot by Brian Willsie.
13:18 of 2nd period - Deflect By Jason Spezza.
13:18 of 2nd period - Shot Misses the Net.
13:20 of 2nd period - Shot by Daniel Winnik.
13:20 of 2nd period - Stopped by Roberto Luongo without a rebound.
13:21 of 2nd period - Sidney Crosby wins face-off versus Marty Reasoner in RedWings zone.
14:11 of 2nd period - Icing by Eric Brewer.
14:12 of 2nd period - Marty Reasoner wins face-off versus Jason Spezza in RedWings zone.
14:12 of 2nd period - Marty Reasoner is hit by Brian Willsie.
14:13 of 2nd period - Minor Penalty to Daniel Winnik for Interference.
14:14 of 2nd period - Travis Zajac wins face-off versus Todd Marchant in Senators zone.
14:47 of 2nd period - Shot by Paul Martin.
14:47 of 2nd period - Stopped by Carey Price with a rebound.
14:51 of 2nd period - Shot by Travis Zajac.
14:51 of 2nd period - Deflect By Curtis Glencross.
14:51 of 2nd period - Stopped by Carey Price without a rebound.
14:52 of 2nd period - Todd Marchant wins face-off versus Ray Whitney in Senators zone.
15:03 of 2nd period - Shot by Ryan Whitney.
15:03 of 2nd period - Shot Misses the Net.
15:05 of 2nd period - Shot by Alexandre Burrows.
15:05 of 2nd period - Goal by Alexandre Burrows - Senators : 1 - RedWings : 2.
15:06 of 2nd period - Marty Reasoner wins face-off versus John Tavares in neutral zone.
16:11 of 2nd period - Shot by Kristian Huselius.
16:11 of 2nd period - Shot Misses the Net.
16:16 of 2nd period - Ryan Whitney is hit by Jeff Schultz and loses puck.
17:05 of 2nd period - Shot by Claude Giroux.
17:05 of 2nd period - Stopped by Roberto Luongo with a rebound.
17:07 of 2nd period - Shot by Henrik Zetterberg.
17:07 of 2nd period - Goal by Henrik Zetterberg - Senators : 2 - RedWings : 2.
17:08 of 2nd period - Marty Reasoner wins face-off versus Sidney Crosby in neutral zone.
17:08 of 2nd period - Marty Reasoner is hit by Henrik Zetterberg.
17:18 of 2nd period - Shot by Nik Antropov.
17:18 of 2nd period - Shot Misses the Net.
17:32 of 2nd period - Shot by Pavel Kubina.
17:32 of 2nd period - Stopped by Carey Price without a rebound.
17:33 of 2nd period - John Tavares wins face-off versus Travis Zajac in Senators zone.
17:37 of 2nd period - Off-side.
17:38 of 2nd period - Joe Thornton wins face-off versus Jason Spezza in neutral zone.
17:54 of 2nd period - Icing by James Wisniewski.
17:55 of 2nd period - Travis Zajac wins face-off versus Jason Spezza in Senators zone.
18:56 of 2nd period - Shot by Marty Reasoner.
18:56 of 2nd period - Goal by Marty Reasoner - Senators : 2 - RedWings : 3.
18:57 of 2nd period - John Tavares wins face-off versus Joe Thornton in neutral zone.
19:02 of 2nd period - Shot by John Tavares.
19:02 of 2nd period - Shot Blocked by Brian Campbell.

Period #3

0:01 of 3rd period - Sidney Crosby wins face-off versus Travis Zajac in neutral zone.
0:22 of 3rd period - Sidney Crosby is hit by Ryan Whitney and loses puck.
0:28 of 3rd period - Sidney Crosby is hit by Ryan Whitney and loses puck.
0:38 of 3rd period - Sidney Crosby is hit by Ryan Whitney and loses puck.
0:45 of 3rd period - Shot by Sidney Crosby.
0:45 of 3rd period - Stopped by Roberto Luongo without a rebound.
0:46 of 3rd period - Cory Stillman wins face-off versus Joe Thornton in RedWings zone.
1:26 of 3rd period - Shot by John Tavares.
1:26 of 3rd period - Deflect By Jamie Benn.
1:26 of 3rd period - Stopped by Roberto Luongo without a rebound.
1:27 of 3rd period - Marty Reasoner wins face-off versus Jason Spezza in RedWings zone.
1:31 of 3rd period - Pavel Kubina is hit by Jeff Schultz and loses puck.
1:47 of 3rd period - Off-side.
1:48 of 3rd period - Travis Zajac wins face-off versus Sidney Crosby in neutral zone.
1:50 of 3rd period - Off-side.
1:51 of 3rd period - Sidney Crosby wins face-off versus Travis Zajac in neutral zone.
1:55 of 3rd period - Henrik Zetterberg is hit by Ryan Whitney.
1:59 of 3rd period - Shot by Henrik Zetterberg.
1:59 of 3rd period - Shot Blocked by Ryan Whitney.
2:18 of 3rd period - Shot by Sidney Crosby.
2:18 of 3rd period - Stopped by Roberto Luongo without a rebound.
2:19 of 3rd period - Marty Reasoner wins face-off versus Jason Spezza in RedWings zone.
2:58 of 3rd period - Shot by Kristian Huselius.
2:58 of 3rd period - Stopped by Roberto Luongo with a rebound.
3:33 of 3rd period - Shot by Jamie Benn.
3:33 of 3rd period - Stopped by Roberto Luongo without a rebound.
3:34 of 3rd period - Sidney Crosby wins face-off versus Travis Zajac in RedWings zone.
3:41 of 3rd period - Shot by Sidney Crosby.
3:41 of 3rd period - Shot Misses the Net.
4:00 of 3rd period - Icing by Adrian Aucoin.
4:01 of 3rd period - Joe Thornton wins face-off versus Sidney Crosby in Senators zone.
4:10 of 3rd period - Shot by Joe Thornton.
4:10 of 3rd period - Stopped by Carey Price without a rebound.
4:11 of 3rd period - Nate Thompson wins face-off versus John Tavares in Senators zone.
4:30 of 3rd period - Off-side.
4:31 of 3rd period - Brian Willsie wins face-off versus Travis Zajac in neutral zone.
4:34 of 3rd period - Paul Martin is hit by Brian Willsie and loses puck.
5:13 of 3rd period - Shot by Sergei Kostitsyn.
5:13 of 3rd period - Stopped by Carey Price without a rebound.
5:14 of 3rd period - Sidney Crosby wins face-off versus Joe Thornton in Senators zone.
5:14 of 3rd period - Sidney Crosby is hit by Alexandre Burrows.
5:23 of 3rd period - Claude Giroux is hit by Keith Yandle.
6:18 of 3rd period - Keith Yandle is hit by Kevin Klein and loses puck.
6:51 of 3rd period - Shot by Marty Reasoner.
6:51 of 3rd period - Stopped by Carey Price without a rebound.
6:52 of 3rd period - Travis Zajac wins face-off versus Brian Willsie in Senators zone.
7:18 of 3rd period - Off-side.
7:19 of 3rd period - Sidney Crosby wins face-off versus Marty Reasoner in neutral zone.
7:31 of 3rd period - Icing by Pavel Kubina.
7:32 of 3rd period - John Tavares wins face-off versus Marty Reasoner in RedWings zone.
7:34 of 3rd period - Minor Penalty to Pavel Kubina for Roughing.
7:35 of 3rd period - John Tavares wins face-off versus Nate Thompson in RedWings zone.
8:26 of 3rd period - Shot by Henrik Zetterberg.
8:26 of 3rd period - Deflect By Sidney Crosby.
8:26 of 3rd period - Stopped by Roberto Luongo with a rebound.
9:16 of 3rd period - Shot by Jamie Benn.
9:16 of 3rd period - Shot Blocked by Eric Brewer.
9:18 of 3rd period - Shot by Brian Rafalski.
9:18 of 3rd period - Shot Misses the Net.
9:20 of 3rd period - Shot by Dion Phaneuf.
9:20 of 3rd period - Shot Blocked by Eric Brewer.
9:44 of 3rd period - Shot by Jason Spezza.
9:44 of 3rd period - Shot Misses the Net.
9:48 of 3rd period - Shot by James Wisniewski.
9:48 of 3rd period - Stopped by Roberto Luongo with a rebound.
9:50 of 3rd period - Shot by Todd Marchant.
9:50 of 3rd period - Shot Blocked by Ryan Whitney.
9:52 of 3rd period - Shot by Jeff Schultz.
9:52 of 3rd period - Stopped by Roberto Luongo with a rebound.
9:54 of 3rd period - Shot by Jeff Schultz.
9:54 of 3rd period - Stopped by Roberto Luongo without a rebound.
9:55 of 3rd period - Sidney Crosby wins face-off versus Nate Thompson in RedWings zone.
10:16 of 3rd period - Shot by Sidney Crosby.
10:16 of 3rd period - Shot Misses the Net.
10:48 of 3rd period - Shot by John Tavares.
10:48 of 3rd period - Stopped by Roberto Luongo without a rebound.
10:49 of 3rd period - Travis Zajac wins face-off versus Jason Spezza in RedWings zone.
11:10 of 3rd period - Shot by Ryan Whitney.
11:10 of 3rd period - Shot Misses the Net.
11:14 of 3rd period - Shot by Curtis Glencross.
11:14 of 3rd period - Shot Misses the Net.
11:16 of 3rd period - Shot by Ryan Whitney.
11:16 of 3rd period - Shot Blocked by Jeff Schultz.
11:18 of 3rd period - Shot by Curtis Glencross.
11:18 of 3rd period - Stopped by Carey Price without a rebound.
11:19 of 3rd period - Marty Reasoner wins face-off versus John Tavares in Senators zone.
11:23 of 3rd period - Marty Reasoner is hit by Kevin Klein.
11:27 of 3rd period - Shot by Nik Antropov.
11:27 of 3rd period - Shot Misses the Net.
11:29 of 3rd period - Shot by Marty Reasoner.
11:29 of 3rd period - Shot Misses the Net.
11:31 of 3rd period - Shot by Eric Brewer.
11:31 of 3rd period - Stopped by Carey Price without a rebound.
11:32 of 3rd period - Sidney Crosby wins face-off versus Joe Thornton in Senators zone.
11:41 of 3rd period - Brian Campbell is hit by Claude Giroux and loses puck.
12:04 of 3rd period - Shot by Joe Thornton.
12:04 of 3rd period - Shot Misses the Net.
12:06 of 3rd period - Shot by Joe Thornton.
12:06 of 3rd period - Stopped by Carey Price without a rebound.
12:07 of 3rd period - Marty Reasoner wins face-off versus John Tavares in Senators zone.
12:28 of 3rd period - Shot by John Tavares.
12:28 of 3rd period - Shot Blocked by Eric Brewer.
12:30 of 3rd period - Shot by Kevin Klein.
12:30 of 3rd period - Stopped by Roberto Luongo without a rebound.
12:31 of 3rd period - Travis Zajac wins face-off versus Jason Spezza in RedWings zone.
13:01 of 3rd period - Minor Penalty to James Wisniewski for Holding.
13:02 of 3rd period - Todd Marchant wins face-off versus Joe Thornton in Senators zone.
13:19 of 3rd period - Shot by Alexandre Burrows.
13:19 of 3rd period - Shot Misses the Net.
13:21 of 3rd period - Shot by Ryan Whitney.
13:21 of 3rd period - Stopped by Carey Price with a rebound.
13:23 of 3rd period - Shot by Alexandre Burrows.
13:23 of 3rd period - Shot Misses the Net.
13:25 of 3rd period - Shot by Joe Thornton.
13:25 of 3rd period - Shot Misses the Net.
15:16 of 3rd period - Keith Yandle is hit by Jamie Benn and loses puck.
16:04 of 3rd period - Shot by Alexandre Burrows.
16:04 of 3rd period - Deflect By Ray Whitney.
16:04 of 3rd period - Shot Misses the Net.
16:06 of 3rd period - Shot by Joe Thornton.
16:06 of 3rd period - Stopped by Carey Price without a rebound.
16:07 of 3rd period - Sidney Crosby wins face-off versus Travis Zajac in Senators zone.
16:18 of 3rd period - Shot by Sidney Crosby.
16:18 of 3rd period - Shot Misses the Net.
17:31 of 3rd period - Icing by Jason Spezza.
17:32 of 3rd period - Jamie Benn wins face-off versus Marty Reasoner in Senators zone.
17:50 of 3rd period - Minor Penalty to Pavel Kubina for Hooking.
17:51 of 3rd period - Sidney Crosby wins face-off versus Marty Reasoner in RedWings zone.
18:00 of 3rd period - Shot by Sidney Crosby.
18:00 of 3rd period - Stopped by Roberto Luongo without a rebound.
18:01 of 3rd period - Sidney Crosby wins face-off versus Nate Thompson in RedWings zone.
19:09 of 3rd period - Senators, Carey Price is pulled from the net.
19:26 of 3rd period - Shot by Dion Phaneuf.
19:26 of 3rd period - Stopped by Roberto Luongo without a rebound.
19:27 of 3rd period - Jason Spezza wins face-off versus Marty Reasoner in RedWings zone.
19:38 of 3rd period - Shot by Kristian Huselius.
19:38 of 3rd period - Shot Misses the Net.
19:40 of 3rd period - Shot by Kristian Huselius.
19:40 of 3rd period - Shot Misses the Net.
19:44 of 3rd period - Shot by Kristian Huselius.
19:44 of 3rd period - Shot Misses the Net.
19:53 of 3rd period - Icing by Ryan Whitney.
19:54 of 3rd period - Travis Zajac wins face-off versus Jason Spezza in RedWings zone.


Output by the SimonT Hockey Simulator (STHS) for Stephane Roy -- Original Page W3C XHTML 1.0 Valid